NCAA
OHIO STATE BUCKEYES @ SOUTHERN CALIFORNIA TROJANS
06/05/2025
 
TOP OF THE 1ST
Ohio State Buckeyes batting - Pitching for Southern California Trojans : LHP Mark De Jesús
Pitching: LHP Mark De Jesús
Batting: LHB Joel Nelson 0-0: Ball
1-0: Foul Ball, location: 2F
1-1: Ball
2-1: Foul Ball, location: 2F
2-2: Foul Ball, location: 2F
2-2: Strikes out swinging
Batting: RHB Dan Rivera 0-0: Called Strike
0-1: Ball
1-1: Swinging Strike
1-2: Strikes out swinging
Batting: RHB Gabriel Soto 0-0: Called Strike
0-1: Ground out 4-3 (Groundball, 34)
Top of the 1st over - 0 run(s), 0 hit(s), 0 error(s), 0 left on base; Ohio State 0 - Southern California 0
BOTTOM OF THE 1ST
Southern California Trojans batting - Pitching for Ohio State Buckeyes : RHP Andrew Dodson
Pitching: RHP Andrew Dodson
Batting: RHB Gabriel Erwin 0-0: Called Strike
0-1: Foul Ball, location: 2F
0-2: Ball
1-2: Ball
2-2: SINGLE (Groundball, 56D)
Batting: LHB Kel Smith 0-0: Called Strike
0-1: Ball
1-1: Fly out, F4 (Line Drive, 34D)
Batting: LHB Scot Chilson 0-0: Swinging Strike
0-1: Ball
1-1: Swinging Strike
1-2: Fly out, F7 (Flyball, 7LS)
Batting: LHB Mike Davis 0-0: Called Strike
Throwing error on steal attempt, E2
Gabriel Erwin to third
0-1: Ball
1-1: Foul Ball, location: 2F
1-2: Foul Ball, location: 2F
1-2: Ball
2-2: SINGLE (Flyball, 8LS)
Gabriel Erwin scores
Batting: RHB Marvin Johnson 0-0: Fly out, F9 (Line Drive, 89M)
Bottom of the 1st over - 1 run(s), 2 hit(s), 1 error(s), 1 left on base; Ohio State 0 - Southern California 1
TOP OF THE 2ND
Ohio State Buckeyes batting - Pitching for Southern California Trojans : LHP Mark De Jesús
Batting: SHB Thomas Simmons 0-0: Ball
1-0: Called Strike
1-1: Ball
2-1: Swinging Strike
2-2: Foul Ball, location: 2F
2-2: Reached on error, E3 (Groundball, 3S)
Batting: RHB Will Anderson 0-0: Ball
1-0: Swinging Strike
1-1: Fly out, F8 (Flyball, 8LM)
Batting: LHB Milo Glenn 0-0: Ball
1-0: Ball
2-0: SINGLE (Groundball, 5L)
Thomas Simmons to second
Batting: RHB Javier Álvarez 0-0: Ball
Thomas Simmons steals 3rd base
Milo Glenn to second
1-0: Called Strike
1-1: Ball
2-1: Ball
3-1: Ground out 5-3 (Groundball, 5)
Batting: SHB Bill House 0-0: Foul Ball, location: 2F
0-1: Called Strike
0-2: Strikes out swinging
Top of the 2nd over - 0 run(s), 1 hit(s), 1 error(s), 2 left on base; Ohio State 0 - Southern California 1
BOTTOM OF THE 2ND
Southern California Trojans batting - Pitching for Ohio State Buckeyes : RHP Andrew Dodson
Batting: LHB Justin Holland 0-0: Ball
1-0: Called Strike
1-1: Foul Ball, location: 2F
1-2: Ball
2-2: SOLO HOME RUN (Flyball, 7D), Distance : 345 ft
Batting: RHB Mike Carter 0-0: Called Strike
0-1: Ball
1-1: Swinging Strike
1-2: Foul Ball, location: 2F
1-2: Strikes out swinging
Batting: LHB Lee Foster 0-0: Called Strike
0-1: Ball
1-1: SINGLE (Groundball, 3D)
Batting: RHB Enrico Davis 0-0: Called Strike
Lee Foster steals 2nd base
0-1: Foul Ball, location: 2F
0-2: Foul Ball, location: 2F
0-2: Ball
1-2: Foul Ball, location: 2F
1-2: Ball
2-2: SINGLE (Line Drive, 78M)
Lee Foster to third
Batting: RHB Gabriel Erwin 0-0: Called Strike
0-1: Ball
1-1: Ball
2-1: Ground out 5-3 (Groundball, 56S)
Lee Foster scores
Enrico Davis to second
Batting: LHB Kel Smith 0-0: Called Strike
0-1: Called Strike
0-2: Ball
1-2: Ball
2-2: Foul Ball, location: 2F
2-2: Fly out, F8 (Flyball, 8RM)
Bottom of the 2nd over - 2 run(s), 3 hit(s), 0 error(s), 1 left on base; Ohio State 0 - Southern California 3
TOP OF THE 3RD
Ohio State Buckeyes batting - Pitching for Southern California Trojans : LHP Mark De Jesús
Batting: RHB John Robertson 0-0: Ball
1-0: Foul Ball, location: 2F
1-1: Foul Ball, location: 2F
1-2: Ball
2-2: Foul Ball, location: 2F
2-2: SINGLE (Flyball, 8LS)
Batting: LHB Joel Nelson 0-0: Ball
1-0: Called Strike
1-1: Fielders Choice at 2nd, 1-4 (Groundball, 13)
Batting: RHB Dan Rivera 0-0: Ball
1-0: Called Strike
1-1: Ball
2-1: Foul Ball, location: 2F
2-2: Foul Ball, location: 2F
2-2: Foul Ball, location: 2F
2-2: Strikes out looking
Batting: RHB Gabriel Soto 0-0: Fly out, F8 (Flyball, 8LM)
Top of the 3rd over - 0 run(s), 1 hit(s), 0 error(s), 1 left on base; Ohio State 0 - Southern California 3
BOTTOM OF THE 3RD
Southern California Trojans batting - Pitching for Ohio State Buckeyes : RHP Andrew Dodson
Batting: LHB Scot Chilson 0-0: Called Strike
0-1: Called Strike
0-2: Ball
1-2: Ground out 5-3 (Groundball, 5S)
Batting: LHB Mike Davis 0-0: Ball
1-0: Called Strike
1-1: Ball
2-1: Ball
3-1: Base on Balls
Batting: RHB Marvin Johnson 0-0: Called Strike
0-1: Foul Ball, location: 2F
0-2: Strikes out swinging
Batting: LHB Justin Holland 0-0: Called Strike
0-1: Ball
1-1: Ball
2-1: 2-RUN HOME RUN (Flyball, 9LD), Distance : 340 ft
Batting: RHB Mike Carter 0-0: Swinging Strike
0-1: SINGLE (Line Drive, 89S)
Batting: LHB Lee Foster 0-0: Called Strike
0-1: Foul Ball, location: 2F
0-2: Ball
1-2: Fly out, F9 (Flyball, 89M)
Bottom of the 3rd over - 2 run(s), 2 hit(s), 0 error(s), 1 left on base; Ohio State 0 - Southern California 5
TOP OF THE 4TH
Ohio State Buckeyes batting - Pitching for Southern California Trojans : LHP Mark De Jesús
Batting: SHB Thomas Simmons 0-0: Foul Ball, location: 2F
0-1: Called Strike
0-2: Ball
1-2: Strikes out swinging
Batting: RHB Will Anderson 0-0: Foul Ball, location: 2F
0-1: Foul Ball, location: 2F
0-2: SINGLE (Groundball, 56D)
Batting: LHB Milo Glenn 0-0: Ball
1-0: SINGLE (Line Drive, 7LS)
Will Anderson to second
Batting: RHB Javier Álvarez 0-0: Ball
Passed Ball!
Will Anderson to third
Milo Glenn to second
1-0: Foul Ball, location: 2F
1-1: Fly out, F7 (Flyball, 78XD)
Runner from 3rd tags up, SCORES, no throw
Batting: SHB Bill House 0-0: Foul Ball, location: 2F
0-1: Swinging Strike
0-2: Ball
1-2: Ball
2-2: Ball
3-2: Foul Ball, location: 2F
3-2: Foul Ball, location: 2F
3-2: Base on Balls
Batting: RHB John Robertson 0-0: Ball
1-0: Called Strike
1-1: Ball
2-1: Ball
3-1: Fly out, F7 (Flyball, 8LM)
Top of the 4th over - 1 run(s), 2 hit(s), 0 error(s), 2 left on base; Ohio State 1 - Southern California 5
BOTTOM OF THE 4TH
Southern California Trojans batting - Pitching for Ohio State Buckeyes : RHP Andrew Dodson
Batting: RHB Enrico Davis 0-0: Fly out, F8 (Flyball, 78M)
Batting: RHB Gabriel Erwin 0-0: Ball
1-0: Foul Ball, location: 2F
1-1: SINGLE (Groundball, 56D)
Batting: LHB Kel Smith 0-0: Ball
1-0: Fly out, F7 (Flyball, 78M)
Pitching: RHP Desi Smith
Batting: LHB Scot Chilson 0-0: Ball
1-0: Ball
2-0: Called Strike
2-1: Fly out, F9 (Flyball, 9M)
Bottom of the 4th over - 0 run(s), 1 hit(s), 0 error(s), 1 left on base; Ohio State 1 - Southern California 5
TOP OF THE 5TH
Ohio State Buckeyes batting - Pitching for Southern California Trojans : LHP Mark De Jesús
Batting: LHB Joel Nelson 0-0: Called Strike
0-1: Foul Ball, location: 2F
0-2: SINGLE (Groundball, 56D)
Batting: RHB Dan Rivera 0-0: Ball
1-0: Called Strike
1-1: Ball
2-1: Ball
3-1: Swinging Strike
3-2: Base on Balls
Joel Nelson to second
Pitching: RHP Jeffery Young
Batting: RHB Gabriel Soto 0-0: Ball
1-0: Ball
2-0: Called Strike
2-1: Foul Ball, location: 2F
2-2: Foul Ball, location: 2F
2-2: Fly out, F6 (Popup, 6D)
Batting: SHB Thomas Simmons 0-0: Ball
1-0: Ball
2-0: Foul Ball, location: 2F
2-1: Foul Ball, location: 2F
2-2: Ball
3-2: Foul Ball, location: 2F
3-2: Strikes out swinging
Batting: RHB Will Anderson 0-0: Ball
1-0: Ball
2-0: Ball
3-0: Base on Balls
Joel Nelson to third
Dan Rivera to second
Batting: LHB Milo Glenn 0-0: Called Strike
0-1: Ball
1-1: Swinging Strike
1-2: Strikes out swinging
Top of the 5th over - 0 run(s), 1 hit(s), 0 error(s), 3 left on base; Ohio State 1 - Southern California 5
BOTTOM OF THE 5TH
Southern California Trojans batting - Pitching for Ohio State Buckeyes : RHP Desi Smith
Batting: LHB Mike Davis 0-0: Ball
1-0: Called Strike
1-1: Ball
2-1: SINGLE (Groundball, 3D)
Batting: RHB Marvin Johnson 0-0: Called Strike
0-1: Ball
1-1: Foul Ball, location: 2F
1-2: Ball
2-2: Grounds into double play, 4-6-3 (Groundball, 4)
Batting: LHB Justin Holland 0-0: Ball
1-0: Ground out 1-3 (Groundball, 15S)
Bottom of the 5th over - 0 run(s), 1 hit(s), 0 error(s), 0 left on base; Ohio State 1 - Southern California 5
TOP OF THE 6TH
Ohio State Buckeyes batting - Pitching for Southern California Trojans : RHP Jeffery Young
Batting: RHB Javier Álvarez 0-0: Foul Ball, location: 2F
0-1: Ball
1-1: Foul Ball, location: 2F
1-2: Foul Ball, location: 2F
1-2: Ground out 5-3 (Groundball, 5L)
Batting: SHB Bill House 0-0: Ball
1-0: Foul Ball, location: 2F
1-1: Swinging Strike
1-2: Strikes out swinging
Batting: RHB John Robertson 0-0: Swinging Strike
0-1: DOUBLE (Flyball, 89M)
Batting: LHB Joel Nelson 0-0: Ball
1-0: Hit by Pitch
Batting: RHB Dan Rivera 0-0: Ball
1-0: SINGLE (Groundball, 5D)
John Robertson to third
Joel Nelson to second
Runner from 3rd tries for Home, SAFE, no throw or cutoff
Batting: RHB Gabriel Soto 0-0: Fly out, F9 (Flyball, 9LS)
Top of the 6th over - 1 run(s), 2 hit(s), 0 error(s), 2 left on base; Ohio State 2 - Southern California 5
BOTTOM OF THE 6TH
Southern California Trojans batting - Pitching for Ohio State Buckeyes : RHP Desi Smith
Batting: RHB Mike Carter 0-0: Fly out, F8 (Line Drive, 8LM)
Batting: LHB Lee Foster 0-0: Ball
1-0: Swinging Strike
1-1: Called Strike
1-2: SINGLE (Flyball, 89S)
Batting: RHB Enrico Davis 0-0: Ball
1-0: Ball
2-0: Called Strike
2-1: Ball
3-1: Base on Balls
Lee Foster to second
Batting: RHB Gabriel Erwin 0-0: Ball
1-0: Ball
2-0: Called Strike
2-1: Ball
3-1: Base on Balls
Lee Foster to third
Enrico Davis to second
Batting: LHB Kel Smith 0-0: Ball
1-0: Foul Ball, location: 2F
1-1: Swinging Strike
1-2: Strikes out swinging
Batting: LHB Scot Chilson 0-0: Called Strike
0-1: Foul Ball, location: 2F
0-2: Strikes out swinging
Bottom of the 6th over - 0 run(s), 1 hit(s), 0 error(s), 3 left on base; Ohio State 2 - Southern California 5
TOP OF THE 7TH
Ohio State Buckeyes batting - Pitching for Southern California Trojans : RHP Jeffery Young
Pitching: RHP Pedro Torres
Batting: SHB Thomas Simmons 0-0: Called Strike
0-1: Ball
1-1: Foul Ball, location: 2F
1-2: Ball
2-2: DOUBLE (Flyball, 7D)
Batting: RHB Will Anderson 0-0: Ball
1-0: Ball
2-0: Ball
3-0: Base on Balls
Batting: LHB Milo Glenn 0-0: Ball
1-0: Ball
Thomas Simmons steals 3rd base
Will Anderson to second
2-0: Ball
3-0: Base on Balls
Batting: RHB Javier Álvarez 0-0: Ball
1-0: Grounds into double play, 5-4-3 (Groundball, 56)
Thomas Simmons scores
Will Anderson to third
Batting: SHB Bill House 0-0: Ball
1-0: DOUBLE (Line Drive, 9LS)
Will Anderson scores
Batting: RHB John Robertson 0-0: Ball
1-0: Fly out, F8 (Flyball, 8RD)
Top of the 7th over - 2 run(s), 2 hit(s), 0 error(s), 1 left on base; Ohio State 4 - Southern California 5
BOTTOM OF THE 7TH
Southern California Trojans batting - Pitching for Ohio State Buckeyes : RHP Desi Smith
Pitching: RHP Don Feightner
Batting: LHB Mike Davis 0-0: Ball
1-0: Ball
2-0: Called Strike
2-1: Swinging Strike
2-2: Ball
3-2: Foul Ball, location: 2F
3-2: SINGLE (Line Drive, 89S)
Batting: RHB Marvin Johnson 0-0: Ball
1-0: Ball
2-0: Called Strike
2-1: Ball
3-1: Foul Ball, location: 2F
3-2: Strikes out swinging
Batting: LHB Justin Holland 0-0: Ball
1-0: Ball
2-0: Ball
3-0: Called Strike
3-1: Base on Balls
Mike Davis to second
Batting: RHB Mike Carter 0-0: Fly out, F2 (Popup, 2RF)
Batting: LHB Lee Foster 0-0: Ball
1-0: Ball
2-0: Ball
3-0: Base on Balls
Mike Davis to third
Justin Holland to second
Batting: RHB Enrico Davis 0-0: Ball
1-0: DOUBLE (Flyball, 7S)
Mike Davis scores
Justin Holland scores
Lee Foster to third
Runner from 3rd tries for Home, SAFE, no throw or cutoff
Batting: RHB Gabriel Erwin 0-0: Called Strike
0-1: Fly out, F7 (Line Drive, 7M)
Bottom of the 7th over - 3 run(s), 2 hit(s), 0 error(s), 1 left on base; Ohio State 4 - Southern California 8
TOP OF THE 8TH
Ohio State Buckeyes batting - Pitching for Southern California Trojans : RHP Pedro Torres
Batting: LHB Joel Nelson 0-0: Swinging Strike
0-1: Ball
1-1: Ball
2-1: DOUBLE (Line Drive, 7LS)
Batting: RHB Dan Rivera 0-0: Called Strike
0-1: SINGLE (Line Drive, 4MD)
Joel Nelson to third
Pitching: RHP Alan Foster
Batting: RHB Gabriel Soto 0-0: Ball
1-0: Fly out, F9 (Flyball, 9LM)
Runner from 3rd tags up, SCORES, no throw
Batting: SHB Thomas Simmons 0-0: Called Strike
0-1: Ball
1-1: Grounds into double play, U4-3 (Groundball, 4)
Top of the 8th over - 1 run(s), 2 hit(s), 0 error(s), 0 left on base; Ohio State 5 - Southern California 8
BOTTOM OF THE 8TH
Southern California Trojans batting - Pitching for Ohio State Buckeyes : RHP Don Feightner
Batting: LHB Kel Smith 0-0: Ball
1-0: Swinging Strike
1-1: SOLO HOME RUN (Flyball, 9D), Distance : 371 ft
Pitching: LHP Monty Williams
Batting: LHB Scot Chilson 0-0: SINGLE (Line Drive, 78S)
Batting: LHB Mike Davis 0-0: Fly out, F8 (Flyball, 8LM)
Batting: RHB Marvin Johnson 0-0: Called Strike
0-1: Ball
Scot Chilson is caught stealing 2nd base
1-1: Reached on error, E5 (Groundball, 5S)
Batting: LHB Justin Holland 0-0: Called Strike
0-1: Ball
1-1: Ball
2-1: Called Strike
2-2: Strikes out looking
Bottom of the 8th over - 1 run(s), 2 hit(s), 1 error(s), 1 left on base; Ohio State 5 - Southern California 9
TOP OF THE 9TH
Ohio State Buckeyes batting - Pitching for Southern California Trojans : RHP Alan Foster
Batting: RHB Will Anderson 0-0: Foul Ball, location: 2F
0-1: Ground out 4-3 (Groundball, 4)
Batting: LHB Milo Glenn 0-0: Swinging Strike
0-1: Foul Ball, location: 2F
0-2: Foul Ball, location: 2F
0-2: Ball
1-2: Foul Ball, location: 2F
1-2: Strikes out swinging
Batting: RHB Javier Álvarez 0-0: Ball
1-0: Foul Ball, location: 2F
1-1: Ball
2-1: Foul Ball, location: 2F
2-2: Fly out, F5 (Line Drive, 5)
Top of the 9th over - 0 run(s), 0 hit(s), 0 error(s), 0 left on base; Ohio State 5 - Southern California 9
This league is powered by Out of the Park Baseball, the baseball management simulation game for PC, Mac and Linux
Tuesday, August 2nd, 2016 - OOTP Baseball 16.8 Build 38